 Dungeon Crawl Stone Soup version 0.28-a0-655-g4eb62b627b (webtiles) character file.

Game seed: 10020588120732837366

1509 siradein the Chopper (level 8, -1/67 (68) HPs)
             Began as a Hill Orc Warper on Oct 12, 2021.
             Slain by a wight (9 damage)
             ... on level 6 of the Dungeon.
             The game lasted 00:19:45 (7347 turns).

siradein the Chopper (Hill Orc Warper)              Turns: 7347, Time: 00:19:45

HP:   -1/67 (68)    AC: 19    Str: 14    XL:     8   Next: 83%
MP:   13/13         EV:  0    Int: 15    God:
Gold: 353           SH:  5    Dex: 10    Spells: 8/13 levels left

rFire   . . .      SeeInvis .   q - +1 hand axe (vorpal)
rCold   . . .      Faith    .   (no shield)
rNeg    . . .      Spirit   .   v - +0 crystal plate armour
rPois   .          Reflect  +   (no helmet)
rElec   .          Harm     .   (no cloak)
rCorr   .          Rampage  .   u - +0 pair of gloves
Will    .....                   h - +0 pair of boots
Stlth   ..........              s - amulet of reflection
HPRegen 0.21/turn               (no ring)
MPRegen 0.13/turn               (no ring)

@: lightly drained
A: no striking features
a: no special abilities


You were on level 6 of the Dungeon.
You visited 1 branch of the dungeon, and saw 6 of its levels.

You collected 353 gold pieces.

Inventory:

Hand Weapons
 q - a +1 vorpal hand axe (weapon)
Missiles
 b - 8 atropa-tipped darts
 d - 5 boomerangs of dispersal
 e - 21 poisoned darts
 r - 33 stones (quivered)
Armour
 h - a +0 pair of boots (worn)
 i - a +0 ring mail
 u - a +0 pair of gloves (worn)
 v - a +0 crystal plate armour (worn)
Jewellery
 s - an amulet of reflection (around neck)
Wands
 p - a wand of flame (5)
 B - a wand of polymorph (6)
 C - a wand of digging (4)
Scrolls
 c - 2 scrolls of blinking
 f - 3 scrolls of identify {unknown}
 g - a scroll of enchant weapon {unknown}
 j - 2 scrolls of noise {unknown}
 k - 5 scrolls of immolation {unknown}
 l - 2 scrolls of magic mapping {unknown}
 n - a scroll of torment {unknown}
 o - 2 scrolls of enchant armour {unknown}
 t - a scroll of summoning {unknown}
 y - a scroll of teleportation {unknown}
Potions
 a - a potion of lignification {unknown}
 m - a potion of curing {unknown}
 w - a potion of heal wounds {unknown}
 x - a potion of ambrosia {unknown}
 z - 2 potions of cancellation {unknown}
 A - a potion of mutation {unknown}


   Skills:
 + Level 5.3 Fighting
 + Level 5.8 Axes
 + Level 3.6 Throwing
 + Level 4.3 Armour
 + Level 3.6 Dodging
 + Level 3.4 Spellcasting
 + Level 4.1 Translocations


You had 8 spell levels left.
You knew the following spells:

 Your Spells              Type           Power      Damage    Failure   Level
a - Blink                 Tloc           N/A        N/A       100%        2
b - Gell's Gravitas       Tloc           7%         N/A       100%        3

Your spell library contained the following spells:

 Spells                   Type           Power      Damage    Failure   Level
 Dazzling Flash           Conj/Hex       4%         N/A       100%        3
 Lesser Beckoning         Tloc           15%        N/A       100%        3
 Summon Guardian Golem    Hex/Summ       2%         N/A       100%        3
 Teleport Other           Tloc           15%        N/A       100%        3
 Iskenderun's Mystic Bla  Conj/Tloc      8%         2d4       100%        4
 Manifold Assault         Tloc           15%        N/A       100%        5
 Starburst                Conj/Fire      1%         6d3       100%        6
 Orb of Destruction       Conj           1%         N/A       100%        7
 Spellforged Servitor     Conj/Summ      1%         N/A       100%        7


Dungeon Overview and Level Annotations

Branches:
Dungeon (6/15)
 Temple: D:4-7

Altars:

Shops:
D:2 :   D:6 (


Message History

You closely miss the wight. The wight hits you but does no damage.
You closely miss the wight. The wight hits you but does no damage.
You hit the wight.
The wight is moderately damaged.
The wight hits you with a +1 scimitar of freezing.
You feel drained. The wight freezes you.
You are too injured to fight recklessly!
You are too injured to fight recklessly!
You are too injured to fight recklessly!
You are too injured to fight recklessly!
You hit the wight but do no damage.
The wight is moderately damaged.
The wight hits you with a +1 scimitar of freezing.
The wight freezes you.
You hit the wight.
The wight is heavily damaged.
The wight hits you with a +1 scimitar of freezing.
The wight freezes you.
You hit the wight but do no damage.
The wight is heavily damaged.
The wight hits you with a +1 scimitar of freezing!
* * * LOW HITPOINT WARNING * * *
The wight freezes you.
* * * LOW HITPOINT WARNING * * *
You hit the wight but do no damage.
The wight is heavily damaged.
The wight hits you with a +1 scimitar of freezing.
* * * LOW HITPOINT WARNING * * *
The wight freezes you.
* * * LOW HITPOINT WARNING * * *
Found a scroll labelled DECAUV MET GUJ.
The wight hits you with a +1 scimitar of freezing.
* * * LOW HITPOINT WARNING * * *
The wight freezes you.
* * * LOW HITPOINT WARNING * * *
You block the wight's attack.
The wight hits you but does no damage. x2
You see here a scroll labelled DECAUV MET GUJ.
The wight hits you with a +0 scimitar!
You die...

##### ########...#
#.....z@...#
#.....z....#
##..####..##
###########..###+#
..........#......#
..........#......#
........z.#......#
....... #......#
..z. #......#


You could see 2 wights.

Vanquished Creatures
  Pikel (D:6)
  A hornet zombie (D:5)
  An ogre (D:4)
  2 centaurs
  3 scorpions
  A water moccasin skeleton (D:5)
  3 wights (D:6)
  A bullfrog zombie (D:6)
  A jelly (D:4)
  2 hounds
  2 orc priests (D:6)
  2 iguanas (D:4)
  An orc wizard (D:6)
  A hound skeleton (D:4)
  3 adders
  A worm (D:4)
  3 dart slugs
  7 orcs
  A ball python (D:3)
  6 endoplasms
  3 giant cockroaches
  6 goblins
  5 hobgoblins
  4 quokkas
  2 bats
  12 frilled lizards
  8 kobolds
  5 rats
88 creatures vanquished.

Vanquished Creatures (others)
  3 plants (D:1)
3 creatures vanquished.

Grand Total: 91 creatures vanquished

Notes
Turn   | Place    | Note
-------+----------+-------------------------------------------
     0 | D:1      | siradein the Hill Orc Warper began the quest for the Orb.
     0 | D:1      | Reached XP level 1. HP: 18/18 MP: 3/3
   155 | D:1      | Reached skill level 1 in Throwing
   347 | D:1      | Reached XP level 2. HP: 22/25 MP: 4/4
   751 | D:1      | Reached XP level 3. HP: 13/30 MP: 5/5
  1344 | D:2      | Found Lumil's Book Boutique.
  1876 | D:2      | Learned a level 2 spell: Blink
  1880 | D:2      | Learned a level 3 spell: Gell's Gravitas
  2342 | D:3      | Found a faded altar of an unknown god.
  2842 | D:4      | Reached XP level 4. HP: 4/38 MP: 7/7
  3333 | D:3      | Reached XP level 5. HP: 21/45 MP: 8/8
  3959 | D:4      | Noticed an ogre
  3990 | D:4      | Killed an ogre
  3991 | D:4      | Reached XP level 6. HP: 8/51 MP: 9/9
  5054 | D:5      | Entered Level 5 of the Dungeon
  5076 | D:5      | Reached XP level 7. HP: 36/58 MP: 10/10
  6610 | D:6      | Noticed Pikel
  6673 | D:6      | Killed Pikel
  6674 | D:6      | Reached skill level 5 in Axes
  6674 | D:6      | Reached XP level 8. HP: 18/67 MP: 12/12
  7041 | D:6      | Reached skill level 5 in Fighting
  7120 | D:6      | Found Astobe's Weapon Emporium.
  7347 | D:6      | Slain by a wight

Illustrated notes

Levels and vault maps discovered:
D:1:      minmay_arrival_checkered_box, layout_basic, minmay_lizard_king
D:2:      layout_basic, serial_shops, shop
D:3:      layout_loops_ring, ebering_ecumenical_altar_mist
D:4:      layout_loops_ring, st_stairs_1
D:5:      layout_basic
D:6:      layout_gridville, serial_shops, kennysheep_mini, uniq_pikel

Skill      XL: |  1  2  3  4  5  6  7  8 |
---------------+-------------------------+-----
Throwing       | 1 2 3 |  3.6
Axes           | 3 4 5 |  5.8
Spellcasting   | 2 3 |  3.4
Dodging        | 2 3 |  3.6
Fighting       | 3 4 5 |  5.3
Armour         | 2 3 4 |  4.3
Translocations | 3 4 |  4.1

Action                   |  1- 3 |  4- 6 |  7- 9 || total
-------------------------+-------+-------+-------++-------
Melee: Hand axe          |   167 |   115 |   119 ||   401
Throw: Dart              |       |     8 |    22 ||    30
       Stone             |       |       |     2 ||     2
Armor: Leather armour    |    44 |       |       ||    44
       Ring mail         |    15 |    32 |       ||    47
       Crystal plate arm |       |    25 |   103 ||   128
Dodge: Dodged            |    96 |    64 |     5 ||   165
Block: Other             |       |       |    30 ||    30
       Reflection        |       |       |     1 ||     1

Table legend: (Time is in decaauts)
 A = Elapsed time spent in this place.
 B = Non-inter-level travel time spent in this place.
 C = Inter-level travel time spent in this place.
 D = Time resting spent in this place.
 E = Time spent auto-exploring this place.
 F = Levels seen in this place.
 G = Mean time per level.
                   A        B        C        D        E       F      G
               +--------+--------+--------+--------+--------+-----+--------+
         Total |   7391 |   7237 |    154 |    707 |   5484 |   6 | 1231.8 |
       Dungeon |   7391 |   7237 |    154 |    707 |   5484 |   6 | 1231.8 |
               +--------+--------+--------+--------+--------+-----+--------+

Top non-repeatable levels by time:
     D:4: 1625 daAuts
     D:3: 1541 daAuts
     D:1: 1163 daAuts
     D:5: 1161 daAuts
     D:6: 1135 daAuts
     D:2: 765 daAuts
